 Dungeon Crawl Stone Soup version 0.24.0-1-gfbc8707 (webtiles) character file.

Game seed: 13054752375181743847, levelgen mode: deterministic

370812 gilim the Eclecticist (level 22, -12/139 HPs)
             Began as a Gargoyle Fighter on Nov 9, 2019.
             Was the Champion of Cheibriados.
             Killed by the air
             ... invoked by a spriggan air mage
              (19 damage)
             ... on level 2 of the Depths on Nov 10, 2019.
             The game lasted 04:21:02 (43461 turns).

gilim the Eclecticist (Gargoyle Fighter)           Turns: 43461, Time: 04:21:03

Health: -12/139    AC: 31    Str: 39    XL:     22   Next: 66%
Magic:  40/43      EV: 22    Int: 33    God:    Cheibriados [******]
Gold:   2306       SH: 20    Dex: 27    Spells: 29/56 levels left

rFire    + + +     SeeInvis +   y - +6 broad axe (freeze)
rCold    . . .     Gourm    .   E - +3 shield {reflect}
rNeg     + . .     Faith    .   s - quicksilver dragon scales
rPois    ∞         Spirit   .   O - +1 hat {MR+}
rElec    +         Reflect  +   T - scarf {rC+ rF+}
rCorr    .         Harm     .   N - +0 pair of gloves {Dex+3}
MR       +++..                  I - +0 pair of boots
Stlth    ++........             L - amulet of regeneration
HPRegen  0.00/turn              n - ring of protection from cold
MPRegen  0.28/turn              W - ring of Xom's Capriciousness {rF+ Str+3 SInv Stlth+}

@: immune to fire clouds (expiring), very slow
A: antennae 1, big wings, mutation resistance 1, negative energy resistance 1,
robust 1, electricity resistance, inhibited regeneration, unbreathing,
petrification resistance, rot immunity, AC +16
}: 2/15 runes: decaying, serpentine
a: Fly, Bend Time, Temporal Distortion, Slouch, Step From Time, Renounce
Religion


You were on level 2 of the Depths.
You worshipped Cheibriados.
Cheibriados was exalted by your worship.
You were not hungry.

You visited 8 branches of the dungeon, and saw 38 of its levels.
You also visited: Ossuary, Bailey and Ice Cave.

You collected 4723 gold pieces.
You spent 2417 gold pieces at shops.

Inventory:

Hand Weapons
 a - a +1 war axe of flaming
 y - a +6 broad axe of freezing (weapon)
 C - a +4 hand crossbow of freezing
 Z - a +1 vampiric demon trident
Missiles
 d - 12 curare-tipped darts (quivered)
 p - 14 javelins
 q - 1319 bolts
Armour
 l - +3 fire dragon scales
 s - quicksilver dragon scales (worn)
 E - a +3 shield of reflection (worn)
 I - a +0 pair of boots (worn)
 N - a +0 pair of gloves of dexterity (worn)
 O - a +1 hat of magic resistance (worn)
 T - a scarf of resistance (worn)
Magical Staves
 X - an uncursed staff of wizardry
Jewellery
 j - an uncursed ring of protection from cold
 n - a ring of protection from cold (left hand)
 L - an amulet of regeneration (around neck)
 R - an uncursed ring of resist corrosion
 U - a +2 amulet of reflection
 W - the ring of Xom's Capriciousness (right hand) {rF+ Str+3 SInv Stlth+}
   (You bought it in a shop on level 2 of the Snake Pit)

   [ring of stealth]

   It affects your strength (+3).
   It protects you from fire.
   It lets you see invisible.
   It makes you more stealthy.
 Y - a +4 ring of evasion
Wands
 c - a wand of clouds (5)
 v - a wand of acid (10)
 G - a wand of iceblast (27)
 P - a wand of digging (12)
 S - a wand of disintegration (30)
Scrolls
 e - 9 scrolls of amnesia
 g - 13 scrolls of fear
 h - 18 scrolls of teleportation
 i - 18 scrolls of remove curse
 o - 22 scrolls of identify
 t - 2 scrolls of enchant armour
 z - 4 scrolls of magic mapping
 B - 4 scrolls of immolation
 D - 4 scrolls of fog
 F - a scroll of blinking
 M - 2 scrolls of summoning
Potions
 b - 2 potions of invisibility
 k - 22 potions of curing
 r - a potion of cancellation
 w - 6 potions of heal wounds
 x - 2 potions of brilliance
 A - 8 potions of might
 J - a potion of agility
 K - 2 potions of resistance
 Q - a potion of magic
 V - 2 potions of ambrosia
Miscellaneous
 m - a crystal ball of energy
Comestibles
 f - 60 rations


   Skills:
 - Level 10.0 Fighting
 + Level 15.8 Axes
 - Level 6.0 Armour
 - Level 10.0 Dodging
 - Level 15.0 Shields
 * Level 17.9 Spellcasting
 - Level 8.0 Charms
 - Level 4.0 Summonings
 * Level 17.7 Fire Magic
 - Level 6.0 Air Magic
 - Level 8.0 Invocations


You had 29 spell levels left.
You knew the following spells:

 Your Spells              Type           Power        Failure   Level  Hunger
a - Blink                 Tloc           N/A          2%          2    None
b - Ring of Flames        Chrm/Fire      ########..   7%          7    ###....
c - Summon Lightning Spi  Summ/Air       ######..     1%          4    None
d - Deflect Missiles      Chrm/Air       ######....   14%         6    None
e - Ignition              Fire           ########..   8%          8    #####..

Your spell library contained the following spells:

 Spells                   Type           Power        Failure   Level  Hunger
 Apportation              Tloc           ####..       1%          1    None
 Corona                   Hex            ####...      1%          1    None
 Flame Tongue             Conj/Fire      #####        1%          1    None
 Magic Dart               Conj           ####         1%          1    None
 Summon Butterflies       Summ           ######..     1%          1    None
 Summon Small Mammal      Summ           ####         1%          1    None
 Call Imp                 Summ           ######..     1%          2    None
 Call Canine Familiar     Summ           ######..     1%          3    None
 Conjure Flame            Conj/Fire      #######.     1%          3    None
 Ignite Poison            Fire/Tmut/Pois #######.     1%          3    None
 Inner Flame              Hex/Fire       #######.     1%          3    None
 Sticky Flame             Conj/Fire      #######.     1%          4    None
 Fireball                 Conj/Fire      #######...   1%          5    None
 Ensorcelled Hibernation  Hex/Ice        ####..       2%          2    None
 Searing Ray              Conj           ####..       2%          2    None
 Slow                     Hex            ####....     2%          2    None
 Mephitic Cloud           Conj/Pois/Air  #####...     2%          3    None
 Summon Guardian Golem    Hex/Summ       #####...     2%          3    None
 Confuse                  Hex            ####....     4%          3    None
 Dazzling Spray           Conj/Hex       ####..       4%          3    None
 Lesser Beckoning         Tloc           ####......   4%          3    None
 Portal Projectile        Hex/Tloc       ####..       4%          3    None
 Tukima's Dance           Hex            ####....     4%          3    None
 Bolt of Magma            Conj/Fire/Erth #######...   4%          5    None
 Bolt of Fire             Conj/Fire      #######...   6%          6    None
 Summon Ice Beast         Ice/Summ       #####...     7%          4    None
 Iskenderun's Battlesphe  Conj/Chrm      ######..     9%          5    None
 Silence                  Hex/Air        #####.....   13%         5    None
 Cause Fear               Hex            ####......   16%         4    None
 Force Lance              Conj/Tloc      ####....     16%         4    None
 Fulminant Prism          Conj/Hex       ####......   16%         4    None
 Iskenderun's Mystic Bla  Conj           ####....     16%         4    None
 Leda's Liquefaction      Hex/Erth       ####......   16%         4    None
 Alistair's Intoxication  Tmut/Pois      ####....     41%         5    None
 Venom Bolt               Conj/Pois      ####......   41%         5    None
 Yara's Violent Unravell  Hex/Tmut       ####......   41%         5    None
 Conjure Ball Lightning   Conj/Air       #####.....   58%         6    None
 Invisibility             Hex            ####....     94%         6    None
 Iron Shot                Conj/Erth      ####......   94%         6    None
 Spellforged Servitor     Conj/Summ      #####.....   99%         7    ###....
 Orb of Destruction       Conj           ####......   100%        7    ###....
 Discord                  Hex            ####......   100%        8    #####..
 Tornado                  Air            ######....   100%        9    ######.


Dungeon Overview and Level Annotations

Branches:
Dungeon (15/15)            Temple (1/1) D:4            Lair (6/6) D:10
  Swamp (4/4) Lair:3        Snake (4/4) Lair:2        Slime (0/5) Lair:6
    Orc (2/2) D:12            Elf (0/3) Orc:2        Vaults (4/5) D:14
  Crypt (0/3) Vaults:2     Depths (2/5) D:15        Ossuary (visited)
 Bailey (visited)           IceCv (visited)

Altars:
Ashenzari
Cheibriados
Dithmenos
Elyvilon
Fedhas
Gozag
Hepliaklqana
Kikubaaqudgha
Makhleb
Nemelex Xobeh
Okawaru
Qazlal
Ru
Sif Muna
Trog
Uskayaw
Vehumet
Wu Jian
Xom
Yredelemnul
Zin
The Shining One

Shops:
D:10 %   D:12 *   D:14 (=[(   Orc:2 %*?(   Snake:2 =   Snake:4 !(=[

Portals:
Hell: Depths:1 Depths:2
Trove: D:12 (give horn of Geryon)

Annotations:
D:5 2 transporters, TheGoonsmith's ghost, novice TrMo
Lair:4 exclusion: oklob plant
Snake:4 rings


Innate Abilities, Weirdness & Mutations

You are resistant to torment.
Your stone body is resilient. (AC +16)
You are immune to poison.
Your large and strong wings let you fly indefinitely.
You resist negative energy. (rN+)
You are resistant to electric shocks. (rElec)
You can survive without breathing.
You are immune to petrification.
You are immune to rotting.
You have a pair of small antennae on your head.
You are somewhat resistant to further mutation.
You are robust. (+10% HP)
You do not regenerate when monsters are visible.


Message History

The stone giant is engulfed in blazing flames.
You block the stone giant's attack.
You slice the stone giant!! You freeze the stone giant!
You kill the stone giant!
Cheibriados appreciates the change of pace.
You hear an angry buzzing noise.
The spriggan air mage waves its arms in wide circles.
The air twists around and violently strikes you in flight.
Your ring of flames is guttering out.
The spriggan air mage casts a spell at you.
The bolt of lightning hits you! You resist.
* * * LOW HITPOINT WARNING * * *
The spriggan air mage waves its arms in wide circles.
The air twists around and violently strikes you in flight!!
* * * LOW HITPOINT WARNING * * *
You float gracefully downwards.
A spark wasp comes into view.
The spriggan air mage waves its arms in wide circles.
The air twists around and strikes you!!
You die...

#'# # ... .... .#....
..# .#.. '. .'.###.'.
#.. #C#)..#...# ...
#.....#...# #..# #'#
##y###...# #..#
...##☼...#...# #..#
#.#@☼##.#...# #..#
#.☼☼## .'...####∩.#
#i#)###.#.........#
....#.)...#.........#
#'#
###'###..(####..##
..#..#.(#..#...#
#....
#..##.##%..##...#
#....
'##...'.....[...#
#.... #)..#.#(..#)(/#
#....


You could see a spark wasp and a spriggan air mage.

Vanquished Creatures
  A golden dragon (Depths:2)
  Nikola (Snake:2)
  2 liches
  2 sphinxes
  A storm dragon (Depths:2)
  3 thorn hunters (Swamp:4)
  A revenant (Vaults:2)
  3 shadow dragons (Depths:2)
  2 tengu reavers
  9 nagarajas
  2 deep elf sorcerers (Vaults:2)
  4 fire giants
  7 frost giants
  Aizul (Snake:3)
  8 vault wardens
  A spriggan defender (Depths:1)
  A very ugly thing (Vaults:4)
  13 stone giants
  12 ironheart preservers
  A vampire knight (Depths:2)
  4 spark wasps
  3 deep elf annihilators
  A deep elf demonologist (Vaults:2)
  4 ettins
  2 crystal guardians
  5 yaktaur captains
  7 fire dragons
  The ghost of RedSky the Destroyer, a journeyman DsFE of Vehumet (Lair:4)
  6 great orbs of eyes
  18 naga warriors
  4 ice dragons
  Fannar (D:11)
  2 rakshasas
  3 vault guards
  15 ogre magi
  23 hydras
  Harold (D:7)
  7 anacondas
  A merfolk avatar (Lair:6)
  A ghost crab (Swamp:2)
  5 death knights
  5 spriggan air magi
  2 catoblepae
  7 centaur warriors
  Erica (D:10)
  18 alligators
  A shambling mangrove (Swamp:4)
  A queen ant (Lair:2)
  2 tengu warriors
  35 two-headed ogres
  4 deep troll earth magi
  3 vampire magi
  3 deep troll shamans (Depths:1)
  14 naga sharpshooters
  3 shock serpents
  Urug (Lair:6)
  A storm dragon zombie (Vaults:4)
  3 spriggan berserkers
  Sonja (Lair:4)
  3 orc high priests (Orc:2)
  9 spriggans
  5 death yaks (Lair:5)
  3 deep elf knights
  A salamander mystic (Snake:3)
  5 skeletal warriors
  8 unseen horrors
  2 flayed ghosts
  A spark wasp zombie (Depths:1)
  An unseen horror (shapeshifter) (Vaults:3)
  A death drake (shapeshifter) (Vaults:3)
  14 deep trolls
  7 naga ritualists
  21 swamp dragons
  7 ironbrand convokers
  A sea snake (Lair:6)
  A tengu zombie (Vaults:4)
  3 glowing orange brains
  4 wizards (Vaults:3)
  16 orc knights
  8 deep elf archers
  A lindwurm (Lair:4)
  16 deep elf magi
  3 phantasmal warriors
  14 mana vipers
  6 necromancers
  3 wolf spider zombies
  A stone giant zombie (Depths:1)
  41 ugly things
  A frost giant zombie (Vaults:4)
  4 orc sorcerers (Orc:2)
  A salamander (shapeshifter) (Vaults:2)
  3 cyclopes
  5 wolf spiders
  3 manticores
  5 salamanders
  A fire giant skeleton (Depths:1)
  A moth of wrath (Lair:4)
  7 elephants
  Maurice (D:10)
  29 black mambas
  8 vault sentinels
  6 guardian serpents
  2 molten gargoyles (Lair:4)
  A frost giant skeleton (Vaults:4)
  2 ice statues (IceCv)
  A spiny frog (shapeshifter) (Vaults:2)
  A gargoyle (D:14)
  A yaktaur zombie (Vaults:4)
  20 spiny frogs
  4 rime drakes
  26 naga magi
  20 yaktaurs
  4 freezing wraiths
  11 komodo dragons
  A kobold demonologist (D:15)
  2 polar bears
  A yaktaur skeleton (Vaults:4)
  A polar bear (shapeshifter) (D:15)
  2 tengu conjurers
  8 trolls
  A spriggan skeleton (Depths:1)
  A harpy zombie (D:15)
  A tengu simulacrum (Vaults:3)
  A troll (shapeshifter) (D:14)
  15 tyrant leeches
  Prince Ribbit (D:6)
  8 blink frogs
  15 hornets
  A wind drake (Lair:6)
  37 slime creatures
  7 bog bodies
  12 hippogriffs
  A dream sheep (shapeshifter) (Vaults:2)
  4 dream sheep (Lair:4)
  2 centaur simulacra (D:15)
  2 tarantellas (shapeshifter)
  A tarantella (Vaults:1)
  Sigmund (D:3)
  41 yaks
  11 water elementals (Depths:1)
  5 shadows
  5 wraiths
  3 basilisks
  2 hogs (shapeshifter)
  A human (D:8)
  4 wyverns
  3 hogs (D:8)
  Grum (D:11)
  A basilisk (shapeshifter) (Vaults:4)
  A yaktaur simulacrum (Vaults:2)
  8 vampire mosquitoes
  A human (shapeshifter) (Vaults:4)
  A hungry ghost (D:9)
  5 insubstantial wisps (Swamp:4)
  9 wargs
  8 swamp worms
  33 nagas
  An acid dragon (Vaults:1)
  14 water moccasins
  21 soldier ants
  A floating eye (Depths:2)
  11 porcupines
  2 sky beasts
  A black bear (shapeshifter) (Vaults:4)
  A black bear (D:11)
  29 orc warriors
  11 swamp drakes
  3 eyes of draining
  10 ice beasts
  2 phantoms (D:10)
  29 ogres
  8 wolves
  8 boggarts
  A centaur (shapeshifter) (Vaults:1)
  14 crocodiles
  15 centaurs
  An elf zombie (D:4)
  2 human zombies
  17 bullfrogs
  2 big kobolds
  4 elf skeletons
  2 wyvern zombies
  A bullfrog (shapeshifter) (D:15)
  A wyvern skeleton (D:11)
  5 scorpions
  A human simulacrum (Vaults:4)
  7 killer bees
  8 wights
  An electric eel (Lair:5)
  6 howler monkeys
  5 lava snakes (Lair:4)
  10 crimson imps
  A bullfrog zombie (D:9)
  4 jellies
  3 quasits
  3 centaur zombies
  4 centaur skeletons
  6 hounds
  19 orc priests
  Crazy Yiuf (D:4)
  4 bullfrog skeletons
  2 gnoll shamans
  5 human skeletons
  Natasha (thrice) (D:3)
  3 iguanas
  28 orc wizards
  30 worker ants
  2 big kobold zombies (Ossuary)
  A hound skeleton (D:7)
  8 mummies (Ossuary)
  A worker ant zombie (D:10)
  38 gnolls
  15 adders
  4 shadow imps
  12 white imps (D:14)
  An ooze (shapeshifter) (D:15)
  An adder skeleton (D:8)
  4 worms
  3 dart slugs (D:2)
  6 leopard geckos
  73 orcs
  7 giant cockroaches
  A gnoll zombie (Ossuary)
  4 goblins
  14 hobgoblins
  5 jackals
  30 kobolds
  4 quokkas
  3 ball pythons
  3 bats
  8 frilled lizards
  2 hobgoblin zombies (Ossuary)
  A leopard gecko skeleton (D:5)
  2 leopard gecko zombies
  An orc skeleton (D:4)
  3 orc zombies (Ossuary)
  9 rats
  2 briar patches (Swamp:4)
  5 fungi
  4 plants
1585 creatures vanquished.

Vanquished Creatures (collateral kills)
  A quicksilver dragon (Depths:1)
  A fire giant (Depths:1)
  A vault warden (Vaults:3)
  A frost giant (Depths:1)
  An entropy weaver (Vaults:1)
  A stone giant (Depths:2)
  A yaktaur captain (Vaults:4)
  A fire dragon (Depths:2)
  A vault guard (Vaults:4)
  A naga warrior (Snake:4)
  3 ice dragons
  A centaur warrior (Depths:2)
  An ogre mage (Vaults:4)
  3 two-headed ogres
  A tengu warrior (Depths:1)
  A deep troll earth mage (Depths:1)
  A naga sharpshooter (Snake:4)
  2 deep elf archers
  2 ironbrand convokers (Vaults:2)
  A necromancer (Depths:1)
  An orc knight (Vaults:4)
  A salamander (Snake:4)
  A deep elf mage (Vaults:4)
  A manticore (shapeshifter) (Depths:2)
  A vault sentinel (Vaults:4)
  6 naga magi (Snake:4)
  A black mamba (Snake:4)
  3 yaktaurs (Vaults:2)
  A warg (Vaults:4)
  3 nagas (Snake:4)
  4 orc warriors
  7 orcs
56 creatures vanquished.

Vanquished Creatures (others)
  A frost giant (Depths:1)
  A stone giant (Depths:1)
  A yaktaur captain (Depths:1)
  A fire dragon (Depths:1)
  A hydra (Swamp:4)
  A naga warrior (Snake:4)
  A centaur warrior (Depths:2)
  An ugly thing (IceCv)
  A black mamba (Snake:4)
  A naga mage (Snake:2)
  7 yaktaurs
  2 blink frogs (Swamp:2)
  A tyrant leech (Swamp:4)
  An orc (D:11)
  4 briar patches (Swamp:4)
  4 fungi
  25 plants
  14 toadstools (Lair:4)
68 creatures vanquished.

Grand Total: 1709 creatures vanquished

Notes
Turn   | Place    | Note
-------+----------+-------------------------------------------
     0 | D:1      | gilim the Gargoyle Fighter began the quest for the Orb.
     0 | D:1      | Reached XP level 1. HP: 14/14 MP: 1/1
   276 | D:1      | Reached XP level 2. HP: 16/19 MP: 2/2
   660 | D:2      | Reached XP level 3. HP: 22/23 MP: 3/3
   710 | D:2      | Found a sacrificial altar of Ru.
   758 | D:2      | Found a stormy altar of Qazlal.
   789 | D:2      | Found an opulent altar of Gozag.
   922 | D:2      | Reached XP level 4. HP: 24/29 MP: 4/4
  1149 | D:2      | Found an ancient bone altar of Kikubaaqudgha.
  1331 | D:2      | Reached XP level 5. HP: 33/33 MP: 5/5
  1371 | D:2      | Reached skill level 5 in Shields
  1679 | D:3      | Reached XP level 6. HP: 30/39 MP: 6/6
  2089 | D:3      | Noticed Natasha
  2106 | D:3      | Killed Natasha
  2229 | D:3      | Noticed Natasha
  2240 | D:3      | Paralysed by a hobgoblin for 2 turns
  2243 | D:3      | Paralysed by a hobgoblin for 7 turns
  2252 | D:3      | Killed Natasha
  2416 | D:3      | Noticed Sigmund
  2478 | D:3      | Killed Sigmund
  2478 | D:3      | Reached skill level 5 in Fighting
  2478 | D:3      | Reached XP level 7. HP: 18/44 MP: 7/7
  2702 | D:3      | Noticed Natasha
  2707 | D:3      | Killed Natasha
  2836 | D:4      | Found a staircase to the Ecumenical Temple.
  2845 | Temple   | Entered the Ecumenical Temple
  2979 | Temple   | Became a worshipper of Cheibriados the Contemplative
  3167 | D:4      | Found a sand-covered staircase.
  3176 | Ossuary  | Entered an ossuary
  3226 | Ossuary  | Reached XP level 8. HP: 30/51 MP: 8/8
  3551 | Ossuary  | Gained mutation: You have a pair of small antennae on your
                  | head. [potion of mutation]
  3551 | Ossuary  | Gained mutation: You are somewhat resistant to further
                  | mutation. [potion of mutation]
  3602 | D:4      | Reached * piety under Cheibriados
  3651 | D:4      | Noticed a hippogriff
  3664 | D:4      | Killed a hippogriff
  3742 | D:4      | Found a runed translucent door.
  3743 | D:4      | Noticed Crazy Yiuf
  3758 | D:4      | Killed Crazy Yiuf
  4128 | D:5      | Entered Level 5 of the Dungeon
  4185 | D:5      | Found a white marble altar of Elyvilon.
  4240 | D:5      | Reached skill level 5 in Axes
  4324 | D:5      | Found a glowing silver altar of Zin.
  4430 | D:5      | Found a transporter.
  4502 | D:5      | Found a transporter.
  4503 | D:5      | Noticed TheGoonsmith's ghost (novice TrMo)
  4753 | D:6      | Reached ** piety under Cheibriados
  4772 | D:6      | Lost mutation: You have a pair of small antennae on your
                  | head. [potion of mutation]
  4772 | D:6      | Gained mutation: You are robust. (+10% HP) [potion of
                  | mutation]
  5114 | D:6      | Reached XP level 9. HP: 54/61 MP: 9/9
  5188 | D:6      | Noticed Prince Ribbit
  5220 | D:6      | Killed Prince Ribbit
  5608 | D:7      | Reached skill level 10 in Shields
  5641 | D:7      | Got a bound ruby amulet
  5644 | D:7      | Identified the amulet of Myedwagi {Faith rN+ MP+9} (You
                  | found it on level 7 of the Dungeon)
  5867 | D:7      | Noticed Harold
  5890 | D:7      | Killed Harold
  5890 | D:7      | Reached skill level 1 in Dodging
  6188 | D:8      | Reached *** piety under Cheibriados
  6256 | D:8      | Reached XP level 10. HP: 70/70 MP: 12/12
  7100 | D:9      | Found the +4 dagger "Morg" {pain, MR+ Int+5}
  7306 | D:9      | Reached **** piety under Cheibriados
  7384 | D:9      | Found a blossoming altar of Fedhas.
  7472 | D:9      | Reached skill level 5 in Invocations
  7898 | D:10     | Entered Level 10 of the Dungeon
  7938 | D:9      | Killed an unseen horror
  7938 | D:9      | Reached XP level 11. HP: 57/78 MP: 15/15
  8102 | D:10     | Noticed Maurice
  8462 | D:10     | Reached ***** piety under Cheibriados
  8717 | D:10     | Found a staircase to the Lair.
  8722 | D:10     | Found Zoec's Food Boutique.
  8782 | D:10     | Noticed Erica
  8804 | D:10     | Killed Erica
  9118 | D:10     | Killed Maurice
  9136 | Lair:1   | Entered Level 1 of the Lair of Beasts
  9201 | Lair:1   | Noticed a four-headed hydra
  9221 | Lair:1   | Killed a four-headed hydra
  9420 | Lair:1   | Reached skill level 10 in Fighting
  9420 | Lair:1   | Reached skill level 5 in Dodging
  9853 | Lair:1   | Noticed a five-headed hydra
  9859 | Lair:1   | Killed a five-headed hydra
  9859 | Lair:1   | Reached XP level 12. HP: 68/84 MP: 17/17
 10064 | Lair:2   | Found a staircase to the Snake Pit.
 10615 | Lair:2   | Noticed a queen ant
 10655 | Lair:2   | Killed a queen ant
 10662 | Lair:2   | Reached ****** piety under Cheibriados
 11419 | Lair:3   | Reached skill level 1 in Spellcasting
 11865 | Lair:3   | Found a staircase to the Swamp.
 12383 | Lair:3   | Learned a level 2 spell: Blink
 12425 | Lair:4   | Found a transporter.
 12449 | Lair:4   | Reached XP level 13. HP: 90/90 MP: 19/19
 12626 | Lair:4   | Found a transporter.
 12637 | Lair:4   | Noticed RedSky's ghost (journeyman DsFE)
 12649 | Lair:4   | Reached skill level 10 in Axes
 12674 | Lair:4   | Killed RedSky's ghost
 13460 | Lair:4   | Noticed Sonja
 13462 | Lair:4   | Killed Sonja
 13747 | Lair:4   | Found a blossoming altar of Fedhas.
 14223 | Lair:5   | Noticed a fire dragon
 14237 | Lair:5   | Killed a fire dragon
 14543 | Lair:5   | Reached skill level 5 in Spellcasting
 15468 | Lair:6   | Entered Level 6 of the Lair of Beasts
 15493 | Lair:6   | Gained mutation: Your large and strong wings let you fly
                  | indefinitely. [Gargoyle growth]
 15493 | Lair:6   | Reached XP level 14. HP: 66/96 MP: 23/23
 15571 | Lair:6   | Found a staircase to the Slime Pits.
 15993 | Lair:6   | Reached skill level 15 in Shields
 16019 | Lair:6   | Noticed Urug
 16032 | Lair:6   | Killed Urug
 16585 | D:11     | Noticed Fannar
 16596 | D:11     | Killed Fannar
 17120 | D:11     | Noticed Grum
 17133 | D:11     | Killed Grum
 17713 | D:12     | Reached skill level 10 in Dodging
 17939 | D:12     | Found a portal to a secret trove of treasure.
 17945 | D:12     | Found Zigaopn's Assorted Antiques.
 17955 | D:12     | Bought a sparkling book for 420 gold pieces
 17963 | D:12     | Learned a level 7 spell: Ring of Flames
 18020 | D:12     | Found a staircase to the Orcish Mines.
 18306 | Orc:1    | Entered Level 1 of the Orcish Mines
 18501 | Orc:1    | Reached skill level 1 in Fire Magic
 18678 | Orc:2    | Entered Level 2 of the Orcish Mines
 18723 | Orc:2    | Found a staircase to the Elven Halls.
 19194 | Orc:2    | Reached XP level 15. HP: 92/101 MP: 17/27
 19198 | Orc:2    | Reached skill level 5 in Armour
 19212 | Orc:2    | Found Lushel's General Store.
 19212 | Orc:2    | Found Buemomia's Food Boutique.
 19309 | Orc:2    | Found Uteol's Magic Scroll Boutique.
 19309 | Orc:2    | Found Biolukk's Weapon Emporium.
 19318 | Orc:2    | Bought a +1 broad axe of draining for 241 gold pieces
 19319 | Orc:2    | Bought a scroll of enchant weapon for 75 gold pieces
 19319 | Orc:2    | Bought a scroll of enchant weapon for 75 gold pieces
 19807 | D:13     | Found a flagged portal.
 19827 | Bailey   | Entered a bailey
 19847 | Bailey   | Lost mutation: You are robust. (+10% HP) [potion of
                  | mutation]
 19847 | Bailey   | Lost mutation: You are somewhat resistant to further
                  | mutation. [potion of mutation]
 19847 | Bailey   | Gained mutation: You have very sharp teeth. [potion of
                  | mutation]
 19847 | Bailey   | Gained mutation: Your body sometimes deteriorates upon
                  | taking damage. [potion of mutation]
 19847 | Bailey   | Gained mutation: You passively map a small area around you.
                  | [potion of mutation]
 20003 | Bailey   | Lost mutation: Your body sometimes deteriorates upon taking
                  | damage. [potion of mutation]
 20003 | Bailey   | Lost mutation: You passively map a small area around you.
                  | [potion of mutation]
 20003 | Bailey   | Lost mutation: You have very sharp teeth. [potion of
                  | mutation]
 20003 | Bailey   | Gained mutation: Your mind is acute. (Int +2) [potion of
                  | mutation]
 20003 | Bailey   | Gained mutation: You have large cloven feet. [potion of
                  | mutation]
 20004 | Bailey   | Lost mutation: Your mind is acute. (Int +2) [potion of
                  | mutation]
 20004 | Bailey   | Gained mutation: Potions are less effective at restoring
                  | your health. [potion of mutation]
 20004 | Bailey   | Gained mutation: You have hoof-like feet. [potion of
                  | mutation]
 20742 | D:13     | Learned a level 4 spell: Summon Lightning Spire
 20805 | D:14     | Found Avvumm's Antique Weapon Shop.
 20817 | D:14     | Found Vaiteeh's Jewellery Shop.
 20820 | D:14     | Bought a cursed amulet of inaccuracy for 26 gold pieces
 20835 | D:14     | Found Igephoit's Armour Emporium.
 20843 | D:14     | Bought a scarf of resistance for 448 gold pieces
 20890 | D:14     | Found Biseawn's Antique Weapon Emporium.
 20931 | D:14     | Found a frozen archway.
 20943 | D:14     | Reached skill level 1 in Summonings
 20949 | D:14     | Reached skill level 1 in Air Magic
 20996 | IceCv    | Entered an ice cave
 21009 | IceCv    | Found a transporter.
 21097 | IceCv    | Found a transporter.
 21625 | D:14     | Found a gate to the Vaults.
 21997 | D:15     | Entered Level 15 of the Dungeon
 22125 | D:15     | Reached skill level 5 in Fire Magic
 22796 | D:15     | Reached XP level 16. HP: 72/97 MP: 29/29
 22800 | D:15     | Found a staircase to the Depths.
 23337 | Lair:1   | Identified a scroll of acquirement
 23448 | Swamp:1  | Entered Level 1 of the Swamp
 23505 | Swamp:1  | Reached skill level 10 in Spellcasting
 24007 | Swamp:1  | Got a warped morningstar
 24008 | Swamp:1  | Identified the +4 morningstar of the Gloaming {venom,
                  | *Noise +Rage +Fly Str+2 Int+5} (You found it on level 1 of
                  | the Swamp)
 24992 | Swamp:2  | Lost mutation: Potions are less effective at restoring your
                  | health. [potion of mutation]
 24992 | Swamp:2  | Lost mutation: You have hoof-like feet. [potion of
                  | mutation]
 24992 | Swamp:2  | Lost mutation: You have large cloven feet. [potion of
                  | mutation]
 24992 | Swamp:2  | Gained mutation: You are partially covered in slimy green
                  | scales. (AC +2) [potion of mutation]
 24992 | Swamp:2  | Gained mutation: Your mind is acute. (Int +2) [potion of
                  | mutation]
 26234 | Swamp:4  | Entered Level 4 of the Swamp
 26234 | Swamp:4  | Noticed a thorn hunter
 26694 | Swamp:4  | Reached XP level 17. HP: 102/102 MP: 32/32
 27262 | Swamp:4  | Reached skill level 10 in Fire Magic
 27821 | Swamp:4  | Got a decaying rune of Zot
 28109 | Lair:1   | Learned a level 6 spell: Deflect Missiles
 28129 | Snake:1  | Entered Level 1 of the Snake Pit
 28357 | Snake:1  | Reached skill level 1 in Charms
 28885 | Snake:1  | Lost mutation: Your mind is acute. (Int +2) [potion of
                  | mutation]
 28885 | Snake:1  | Lost mutation: You are partially covered in slimy green
                  | scales. (AC +2) [potion of mutation]
 28885 | Snake:1  | Gained mutation: You possess an exceptional clarity of
                  | mind. [potion of mutation]
 28885 | Snake:1  | Gained mutation: Your movements are slightly less
                  | encumbered by armour. (ER -2) [potion of mutation]
 29432 | Snake:2  | Found Dielos's Jewellery Shop.
 29460 | Snake:2  | Bought the ring of Xom's Capriciousness {rF+ Str+3 SInv
                  | Stlth+} for 588 gold pieces
 29523 | Snake:2  | Noticed Nikola
 29550 | Snake:2  | Killed Nikola
 29673 | Snake:2  | Reached XP level 18. HP: 101/107 MP: 34/34
 30841 | Snake:3  | Reached skill level 5 in Charms
 31346 | Snake:3  | Noticed Aizul
 31375 | Snake:3  | Killed Aizul
 31593 | Snake:4  | Entered Level 4 of the Snake Pit
 31738 | Snake:4  | Found Paotrarr's Antique Weapon Shop.
 31933 | Snake:4  | Found Plog's Distillery.
 32436 | Snake:4  | Found Xixzibikk's Antique Armour Boutique.
 32449 | Snake:4  | Bought a glowing shield for 247 gold pieces
 32471 | Snake:4  | Bought a crude scale mail for 297 gold pieces
 32471 | Snake:4  | Identified the cursed +0 scale mail "Pusyssan" {Str+7} (You
                  | bought it in a shop on level 4 of the Snake Pit)
 32491 | Snake:4  | Found Noicyi's Jewellery Shop.
 32962 | Snake:4  | Reached skill level 5 in Air Magic
 32998 | Snake:4  | Reached XP level 19. HP: 100/112 MP: 36/36
 33160 | Snake:4  | Got a serpentine rune of Zot
 33537 | Vaults:1 | Entered Level 1 of the Vaults
 36000 | Vaults:2 | Reached skill level 15 in Spellcasting
 36000 | Vaults:2 | Reached XP level 20. HP: 48/117 MP: 25/39
 36299 | Vaults:2 | Found a staircase to the Crypt.
 37685 | Vaults:3 | Reached skill level 15 in Fire Magic
 37761 | Vaults:3 | Found a radiant altar of Vehumet.
 38830 | Vaults:3 | Got a fine leather armour
 38831 | Vaults:3 | Identified the +1 leather armour of an ossuary {-Cast +Inv
                  | rElec Regen+} (You found it on level 3 of the Vaults)
 39277 | Vaults:4 | Reached XP level 21. HP: 72/122 MP: 41/41
 39840 | Vaults:4 | Reached skill level 15 in Axes
 40611 | Vaults:4 | Got a smoking chain mail
 40612 | Vaults:4 | Identified the cursed +1 chain mail of Focus {Str+2} (You
                  | found it on level 4 of the Vaults)
 40679 | Vaults:4 | Found a sacrificial altar of Ru.
 41194 | Lair:1   | Lost mutation: Your movements are slightly less encumbered
                  | by armour. (ER -2) [potion of mutation]
 41194 | Lair:1   | Lost mutation: You possess an exceptional clarity of mind.
                  | [potion of mutation]
 41194 | Lair:1   | Gained mutation: Your mind is acute. (Int +2) [potion of
                  | mutation]
 41194 | Lair:1   | Gained mutation: You do not regenerate when monsters are
                  | visible. [potion of mutation]
 41194 | Lair:1   | Gained mutation: You have a pair of small antennae on your
                  | head. [potion of mutation]
 41414 | Depths:1 | Entered Level 1 of the Depths
 42127 | Depths:1 | Found a gateway to Hell.
 42310 | Depths:1 | Found a huge runed gate.
 42310 | Depths:1 | Found a huge runed gate.
 42312 | Depths:1 | Found a huge runed gate.
 42313 | Depths:1 | Found a huge runed gate.
 42313 | Depths:1 | Found a huge runed gate.
 42314 | Depths:1 | Found a huge runed gate.
 42315 | Depths:1 | Found a huge runed gate.
 42316 | Depths:1 | Found a huge runed gate.
 42316 | Depths:1 | Found a huge runed gate.
 42346 | Depths:1 | Found a huge runed gate.
 42346 | Depths:1 | Found a huge runed gate.
 42346 | Depths:1 | Found a huge runed gate.
 42347 | Depths:1 | Found a huge runed gate.
 42348 | Depths:1 | Found a huge runed gate.
 42349 | Depths:1 | Found a huge runed gate.
 42350 | Depths:1 | Found a huge runed gate.
 42351 | Depths:1 | Found a huge runed gate.
 42352 | Depths:1 | Found a huge runed gate.
 42366 | Depths:1 | Found a huge runed gate.
 42366 | Depths:1 | Found a huge runed gate.
 42366 | Depths:1 | Found a huge runed gate.
 42366 | Depths:1 | Found a huge runed gate.
 42366 | Depths:1 | Found a huge runed gate.
 42366 | Depths:1 | Found a huge runed gate.
 42413 | Depths:1 | Reached XP level 22. HP: 103/127 MP: 39/43
 42501 | Depths:1 | Learned a level 8 spell: Ignition
 43014 | Depths:2 | Noticed a golden dragon
 43026 | Depths:2 | Killed a golden dragon
 43360 | Depths:2 | Lost mutation: Your mind is acute. (Int +2) [potion of
                  | mutation]
 43360 | Depths:2 | Gained mutation: You are robust. (+10% HP) [potion of
                  | mutation]
 43360 | Depths:2 | Gained mutation: You are somewhat resistant to further
                  | mutation. [potion of mutation]
 43365 | Depths:2 | Paralysed by a floating eye for 3 turns
 43461 | Depths:2 | Killed from afar by a spriggan air mage

Levels and vault maps discovered:
D:1:      scummos_arrival_hexagon, layout_loops_ring
D:2:      minmay_chambers_of_ones, layout_loops_ring, grunt_qazlal_clouds,
          grunt_gozag_breadcrumbs, lemuel_doored_altar,
          nicolae_ru_great_annihilating_truth, serial_forest,
          infiniplex_forest_clump_small, infiniplex_forest_clump_cross,
          infiniplex_forest_clump_cross, infiniplex_forest_lined_corner,
          infiniplex_forest_clump_medium, infiniplex_forest_straight_3,
          infiniplex_forest_clump_diagonal, kennysheep_cluttered_room
D:3:      layout_rooms, first_ration, uniq_sigmund, uniq_natasha
D:4:      layout_rooms, temple_hall, nicolae_ossuary_entry_catacombs,
          minmay_diced_spiral, uniq_crazy_yiuf_cottage
D:5:      layout_rooms, nicolae_overflow_crystal_walls, zin_scriptorium,
          gammafunk_ghost_mausoleum
D:6:      layout_basic, uniq_prince_ribbit1
D:7:      layout_rooms, serial_curves, eino_curves_04, eino_curves_04,
          eino_curves_03, eino_curves_03, uniq_harold
D:8:      layout_basic, grunt_livestock
D:9:      layout_loops_ring, kennysheep_little_box
D:10:     layout_roguey, lair_entry_dummy, serial_shops, kennysheep_mini_moat,
          serial_glass, glass_columns_a, glass_columns_b, glass_columns_a,
          glass_columns_c, glass_columns_a, item_on_display_a, minivault_4,
          hangedman_abyss_or_decor_stagger, uniq_erica, uniq_maurice
D:11:     layout_stronghold, uniq_grum, uniq_fannar
D:12:     layout_basic, orc_0_dummy, enter_trove_1, serial_shops, shop,
          corexii_checkpoint_a
D:13:     layout_basic, enter_bailey_2, hangedman_decor_opposing
D:14:     layout_basic, david_vaults_1, portal_ice_cave_entry_imps, hex_tiny,
          serial_shops, nicolae_shop_trees, shop, shop, shop
D:15:     gammafunk_enter_depths_forms, layout_loops_ring, minivault_11,
          grunt_decor_cap, chequers_avenue
Temple:   regret_index_temple_waves
Lair:1:   cheibrodos_lair_river_kwai, layout_cave_shapes, serial_forest,
          infiniplex_forest_end_2, infiniplex_forest_side_room,
          infiniplex_forest_clump_small, infiniplex_forest_clump_tiny,
          infiniplex_forest_clump_medium, infiniplex_forest_zigzag_2,
          infiniplex_forest_straight_4, infiniplex_forest_clump_diagonal,
          infiniplex_staircase_pool_2
Lair:2:   layout_cave_pods, dummy_snake_entry, chequers_serial_rivers_large_a,
          minivault_29
Lair:3:   layout_roguey, swamp_mist_pool
Lair:4:   cheibrodos_magma_flow, layout_long_grid,
          gammafunk_ghost_berserking_beasts, serial_bayou_pond_b,
          grunt_forest_small_clearings, tgw_fedhas, uniq_sonja
Lair:5:   dragon1_lemuel, layout_cave_pods, st_stairs_8
Lair:6:   gammafunk_lair_ancient_temple, layout_loops_ring,
          minmay_slime_entry_pillars, chequers_serial_rivers_large_b, uniq_urug
Swamp:1:  layout_falls_marsh, nicolae_swamp_very_dense_foliage
Swamp:2:  layout_basic_swamp, nicolae_swamp_triple_paths
Swamp:3:  layout_basic_swamp, nicolae_swamp_dense_foliage
Swamp:4:  swamp_basic_johnstein, layout_basic_swamp
Snake:1:  layout_grid_maze, st_stairs_10
Snake:2:  nicolae_cobra_stairs, layout_onion_interference, serial_shops,
          nicolae_shop_trees, uniq_nikola
Snake:3:  layout_gridlike, grunt_megastairs_2, uniq_aizul
Snake:4:  snake_pit, layout_cave_town, serial_shops,
          nicolae_shop_overgrown_old_shop, shop, shop, shop
Orc:1:    layout_caves
Orc:2:    grunt_orc_tribal_feast, layout_caves
Vaults:1: nicolae_vaults_inception_scallops, nicolae_vaults_hallways_thing,
          nicolae_vaults_little_squares_5, v_misc_16,
          nicolae_vaults_fighting_squares, v_misc_15, grunt_vaults_trifunnel,
          nicolae_vaults_yaktaur_gun_rack, vaults_mumra_hexcomb,
          layout_vaults_big_cross
Vaults:2: nicolae_vaults_arrows, vaults_dpeg_encased_lava,
          nicolae_vaults_big_angled_halls, dpeg_vaults_monster_box,
          ontoclasm_vaults_ring_square, hangedman_vaults_pinch,
          minmay_crypt_entry_simple_round, v_misc_26, hangedman_vaults_cutoff,
          ontoclasm_vaults_loading_screen, layout_vaults_chaotic_city
Vaults:3: nicolae_vaults_ninety_degrees, hangedman_vaults_restitches,
          vaults_mumra_chevron_long, ontoclasm_vaults_fault,
          vaults_standard_mumra_enter_the_diamond, v_misc_29,
          grunt_tower_of_power, v_misc_17, vaults_standard_mumra_lines,
          v_misc_8, nicolae_vaults_little_squares_1, v_misc_8,
          nicolae_vaults_little_squares_1, v_alt_pattern_5,
          ontoclasm_vaults_decontamination, layout_vaults_maze_bifur
Vaults:4: st_lines, v_misc_4, hangedman_vaults_restitches, serial_ice_b,
          nicolae_vaults_little_squares_1, hangedman_vaults_corner,
          ontoclasm_vaults_ring_large, v_misc_2, dpeg_vaults_monster_row,
          nicolae_vaults_triangles, v_misc_13, vaults_room_stairs_pillars,
          ontoclasm_vaults_bender, layout_vaults_omnibox, basic_altar
Depths:1: layout_cave_pools, serial_bayou, serial_bayou_shore_a,
          serial_bayou_pond_a, serial_bayou_pond_b, serial_bayou_pond_c,
          hell_entry, door_vault
Depths:2: minmay_the_grid_square_5x5_5x5 [minmay_the_grid_square_5x5_forky,
          minmay_the_grid_square_5x5_inner_v,
          minmay_the_grid_square_5x5_one_wall, minmay_the_grid_square_5x5_tie,
          minmay_the_grid_square_5x5_almost_minimal,
          minmay_the_grid_square_5x5_mess,
          minmay_the_grid_square_5x5_prize_rear_guard,
          minmay_the_grid_square_5x5_doubleslash,
          minmay_the_grid_square_5x5_prize_junk,
          minmay_the_grid_square_5x5_plus, minmay_the_grid_square_5x5_bite,
          minmay_the_grid_square_5x5_spiral,
          minmay_the_grid_square_5x5_prize_deathbox,
          minmay_the_grid_square_5x5_inner_i,
          minmay_the_grid_square_5x5_moneybag,
          minmay_the_grid_square_5x5_pentomino_r,
          minmay_the_grid_square_5x5_prize_gold,
          minmay_the_grid_square_5x5_eight,
          minmay_the_grid_square_5x5_prize_itemx,
          minmay_the_grid_square_5x5_two_small,
          minmay_the_grid_square_5x5_misaligned,
          minmay_the_grid_square_5x5_detours, minmay_the_grid_square_5x5_comb,
          minmay_the_grid_square_5x5_sharp_hourglass,
          minmay_the_grid_square_5x5_v], layout_long_grid,
          rand_demon_pan_entry_3, hell_entry, grunt_decor_fettered,
          hangedman_glass_teeth, statue_in_the_mist_lemuel, minivault_15

Skill      XL: |  1  2  3  4  5  6  7  8  9 10 11 12 13 14 15 16 17 18 19 20 21 22 |
---------------+-------------------------------------------------------------------+-----
Axes           | 2 3 4 5 6 7 8 9 10 11 12 13 14 15 | 15.8
Shields        | 4 5 6 7 9 10 11 12 13 14 15 | 15.0
Fighting       | 4 5 6 8 9 10 | 10.0
Dodging        | 2 4 5 7 8 10 | 10.0
Invocations    | 2 5 7 8 |  8.0
Spellcasting   | 2 6 8 9 11 12 13 15 16 17 | 17.9
Armour         | 4 6 |  6.0
Fire Magic     | 2 5 8 11 12 14 15 16 17 | 17.7
Summonings     | 3 4 |  4.0
Air Magic      | 3 4 5 6 |  6.0
Charms         | 3 6 7 8 |  8.0

Action                   |  1- 3 |  4- 6 |  7- 9 | 10-12 | 13-15 | 16-18 | 19-21 | 22-24 || total
-------------------------+-------+-------+-------+-------+-------+-------+-------+-------++-------
Melee: War axe           |    91 |   243 |   206 |    82 |   782 |   462 |    51 |       ||  1917
       Flail             |       |     8 |   247 |   913 |    60 |       |       |       ||  1228
       Dagger            |       |       |       |    16 |       |       |       |       ||    16
       Hand crossbow     |       |       |       |     1 |       |       |       |       ||     1
       Broad axe         |       |       |       |       |   427 |   804 |  1130 |   238 ||  2599
       Bite              |       |       |       |       |     4 |       |       |       ||     4
 Fire: Hand crossbow     |       |       |       |    43 |    47 |   115 |   166 |    28 ||   399
Throw: Dart              |       |       |       |     9 |       |     8 |     1 |     1 ||    19
 Cast: Summon Lightning  |       |       |       |       |       |    18 |    37 |     9 ||    64
       Deflect Missiles  |       |       |       |       |       |     1 |     6 |     3 ||    10
       Blink             |       |       |       |       |       |     1 |       |       ||     1
       Ring of Flames    |       |       |       |       |       |       |       |     7 ||     7
Invok: Slouch            |       |       |       |       |    12 |    13 |     9 |       ||    34
       Step From Time    |       |       |       |       |       |     1 |       |       ||     1
 Abil: Fly               |       |       |       |       |     1 |       |       |     2 ||     3
       Stop Flying       |       |       |       |       |       |       |       |     3 ||     3
  Use: Scroll            |       |     6 |    10 |       |    13 |    12 |     9 |     2 ||    52
       Potion            |       |     3 |     5 |     4 |     4 |     3 |     2 |     3 ||    24
 Stab: Invisible         |     1 |       |       |       |       |       |       |       ||     1
       Paralysed         |     1 |       |       |       |       |       |       |       ||     1
       Confused          |       |       |       |       |       |     3 |       |       ||     3
       Sleeping          |       |       |       |       |       |     2 |     2 |       ||     4
       Distracted        |       |       |       |       |       |       |    14 |     3 ||    17
  Eat: Chunk             |       |     6 |     9 |    14 |    23 |    14 |    18 |     3 ||    87
       Ration            |       |       |       |       |       |     2 |     1 |       ||     3
Armor: Scale mail        |    48 |    87 |       |       |       |       |       |       ||   135
       Chain mail        |       |    33 |       |       |       |       |       |       ||    33
       Plate armour      |       |    21 |   259 |   479 |    40 |       |       |       ||   799
       Fire dragon scale |       |       |       |       |   187 |   413 |   277 |     1 ||   878
       Quicksilver drago |       |       |       |       |       |       |       |    84 ||    84
Dodge: Dodged            |    38 |    51 |    77 |   303 |   588 |   905 |   665 |   133 ||  2760
       Deflected         |       |       |       |       |       |     9 |    49 |    24 ||    82
Block: Shield            |    61 |   144 |   367 |   974 |  1446 |  1779 |  1254 |   219 ||  6244
       Reflection        |       |       |       |       |       |       |    58 |    13 ||    71
